 Dungeon Crawl Stone Soup version 0.29.1-12-g30fa7ad0bf (webtiles) character file.

Game seed: 8654865410799601724

37843 FexLirch the Spry (level 13, -4/64 HPs)
             Began as a Felid Summoner on Jan 7, 2023.
             Was an Initiate of Gozag.
             Slain by a wolf spider (14 damage)
             ... led by a torpor snail
             ... on level 1 of the Spider Nest on Jan 9, 2023.
             The game lasted 02:28:43 (26285 turns).

FexLirch the Spry (Felid Summoner)                 Turns: 26285, Time: 02:28:43

Health: -4/64      AC: -5    Str:  3 (4)  XL:     13   Next: 60%
Magic:  5/29       EV: 31    Int: 31      God:    Gozag
Gold:   1065       SH:  0    Dex: 20      Spells: 0/35 levels left
                                        Lives:  0   Deaths: 3

rFire   . . .      SeeInvis +   (weapon unavailable)
rCold   + . .      Faith    .   (shield unavailable)
rNeg    . . .      Spirit   .   (body armour unavailable)
rPois   .          Reflect  .   (helmet unavailable)
rElec   +          Harm     .   (cloak unavailable)
rCorr   .          Rampage  +   (gloves unavailable)
Will    +....                   (boots unavailable)
Stlth   ++........              T - amulet "Fyzu" {RegenMP Rampage rElec Int-4 Dex+2}
HPRegen 0.20/turn               P - +6 ring of intelligence
MPRegen 0.61/turn               w - +6 ring of intelligence

@: about to teleport, corroded, slowed, slow
A: very small, claws 1, fangs 3, see invisible, speed 1, shaggy fur 3, stealthy
paws, no weapons or thrown items, no armour, multi-lived
a: Renounce Religion, Potion Petition, Call Merchant, Bribe Branch


You were on level 1 of the Spider Nest.
You worshipped Gozag.
Gozag was most pleased with you.
You visited 5 branches of the dungeon, and saw 22 of its levels.
You also visited: Bailey.

You collected 7727 gold pieces.
You spent 3973 gold pieces at shops.
You paid 2689 gold pieces to Gozag.

Inventory:

Jewellery
 f - a ring of magical power
 h - a +4 ring of evasion
 p - an amulet of faith
 q - a ring of resist corrosion
 r - a ring of protection from fire
 w - a +6 ring of intelligence (right paw)
 z - a +4 ring of protection
 C - a ring of positive energy
 D - a ring of ice
 G - a +6 ring of strength
 H - a ring of willpower
 J - a ring of fire
 P - a +6 ring of intelligence (left paw)
 T - the amulet "Fyzu" (around neck) {RegenMP Rampage rElec Int-4 Dex+2}
   (You bought it in a shop on level 2 of the Orcish Mines)

   [amulet of magic regeneration]

   It increases your rate of magic regeneration.
   Int:       It affects your intelligence (-4).
   Dex:       It affects your dexterity (+2).
   rElec:     It insulates you from electricity.
   Rampage:   It bestows one free step when moving towards enemies.
 U - the ring "Ritiaq" {Wiz rC+++ rN+++ Str-4 Dex-5}
   (You bought it in a shop on level 2 of the Orcish Mines)

   [ring of wizardry]

   It improves your spell success rate.
   Str:       It affects your strength (-4).
   Dex:       It affects your dexterity (-5).
   rC:        It renders you almost immune to cold.
   rN:        It renders you almost immune to negative energy.
Wands
 o - a wand of paralysis (15)
 u - a wand of mindburst (7)
 y - a wand of polymorph (13)
 A - a wand of iceblast (34)
 E - a wand of digging (2)
 Q - a wand of quicksilver (1)
 S - a wand of flame (7)
Scrolls
 c - a scroll of magic mapping
 d - 2 scrolls of fear
 e - 3 scrolls of amnesia
 j - a scroll of silence
 l - 5 scrolls of teleportation
 m - a scroll of immolation
 v - 3 scrolls of vulnerability
 x - 5 scrolls of blinking
 F - 3 scrolls of butterflies
 K - a scroll of noise
 M - a scroll of summoning {unknown}
 N - 2 scrolls of poison
 V - a scroll of identify
Potions
 a - 3 potions of magic
 b - 3 potions of brilliance
 g - 4 potions of heal wounds
 i - 4 potions of lignification
 k - 4 potions of attraction
 n - 4 potions of mutation
 s - 2 potions of ambrosia
 t - a potion of cancellation {unknown}
 B - 4 potions of might
 I - 4 potions of haste
 L - 2 potions of invisibility
 O - 8 potions of curing
 R - 3 potions of flight


   Skills:
 + Level 12.1 Fighting
 + Level 15.8 Dodging
 - Level 2.6 Stealth
 + Level 11.9 Spellcasting
 - Level 7.0 Hexes
 + Level 12.1 Summonings
 - Level 10.0 Translocations
 * Level 8.1 Transmutations
 * Level 9.8 Air Magic


You couldn't memorise any spells.
You knew the following spells:

 Your Spells              Type           Power      Damage    Failure   Level
a - Swiftness             Air            68%        N/A       1%          3
b - Summon Hydra          Summ           38%        N/A       16%         7
c - Call Canine Familiar  Summ           76%        N/A       1%          3
d - Summon Guardian Gole  Hex/Summ       67%        N/A       1%          3
e - Summon Lightning Spi  Summ/Air       72%        N/A       1%          4
f - Tukima's Dance        Hex            58%        N/A       1%          3
g - Blink                 Tloc           100%       N/A       1%          2
h - Summon Forest         Summ/Tloc      36%        N/A       1%          5
i - Storm Form            Tmut/Air       32%        N/A       50%         7

Your spell library contained the following spells:

 Spells                   Type           Power      Damage    Failure   Level
 Apportation              Tloc           100%       N/A       1%          1
 Beastly Appendage        Tmut           100%       N/A       1%          1
 Summon Small Mammal      Summ           100%       N/A       1%          1
 Call Imp                 Summ           76%        N/A       1%          2
 Ensorcelled Hibernation  Hex/Ice        80%        N/A       1%          2
 Passwall                 Tmut/Erth      35%        N/A       1%          2
 Static Discharge         Conj/Air       49%        3-10/arc  1%          2
 Wereblood                Tmut           62%        N/A       1%          2
 Dazzling Flash           Conj/Hex       80%        N/A       1%          3
 Lesser Beckoning         Tloc           69%        N/A       1%          3
 Spider Form              Tmut/Pois      43%        N/A       1%          3
 Airstrike                Air            34%        2d(5-21)  1%          4
 Manifold Assault         Tloc           69%        N/A       1%          5
 Magic Dart               Conj           72%        1d6       2%          1
 Necrotise                Necr           72%        1d7       2%          1
 Blade Hands              Tmut           31%        N/A       2%          5
 Silence                  Hex/Air        31%        N/A       2%          5
 Searing Ray              Conj           36%        2d5       4%          2
 Sublimation of Blood     Necr           18%        N/A       4%          2
 Petrify                  Tmut/Erth      43%        N/A       4%          4
 Fulminant Prism          Conj/Hex       20%        3d13      6%          4
 Leda's Liquefaction      Hex/Erth       20%        N/A       6%          4
 Ozocubu's Armour         Ice            18%        N/A       9%          3
 Stone Arrow              Conj/Erth      36%        3d9       9%          3
 Lightning Bolt           Conj/Air       24%        1d40      10%         5
 Irradiate                Conj/Tmut      21%        3d18      14%         5
 Metabolic Englaciation   Hex/Ice        20%        N/A       19%         5
 Dispel Undead            Necr           18%        3d11      26%         4
 Agony                    Necr           18%        N/A       58%         5
 Eringya's Noxious Bog    Tmut/Pois      21%        N/A       61%         6
 Maxwell's Capacitive Co  Air            34%        ∞         97%         8
 Death Channel            Necr           9%         N/A       99%         6
 Ozocubu's Refrigeration  Ice            9%         4d9       100%        7
 Lehudib's Crystal Spear  Conj/Erth      9%         10d4      100%        8
 Portal Projectile        Hex/Tloc       Unusable   N/A       N/A         3
 Animate Armour           Summ/Erth      Unusable   N/A       N/A         4
 Corpse Rot               Necr/Pois/Air  Unusable   N/A       N/A         4
 Simulacrum               Ice/Necr       Unusable   N/A       N/A         6

Dungeon Overview and Level Annotations

Branches:
Dungeon (13/15)            Temple (1/1) D:4            Lair (5/5) D:11
 Shoals (0/4) Lair:2       Spider (1/4) Lair:3        Slime (0/5) Lair:4
    Orc (2/2) D:11            Elf (0/3) Orc:2        Bailey (visited)
 Vaults: D:13-14

Altars:
Ashenzari
Cheibriados
Dithmenos
Elyvilon
Fedhas
Gozag
Hepliaklqana
Kikubaaqudgha
Makhleb
Nemelex Xobeh
Okawaru
Qazlal
Ru
Sif Muna
Vehumet
Wu Jian
Xom
Yredelemnul
The Shining One

Shops:
D:1 *   D:7 (   D:11 ?   D:12 (   Orc:2 *!=*!   Lair:3 :

Annotations:
D:5 Sigmund
D:11 exclusion: downstairs
D:12 Rupert
Lair:2 exclusions: electric eel and 1 more exclusion
Lair:4 exclusion: oklob plant


Innate Abilities, Weirdness & Mutations

You have sharp claws.
You have razor-sharp teeth.
You have supernaturally acute eyesight. (SInv)
You cover ground quickly. (Speed+)
Your thick and shaggy fur keeps you warm. (AC +3, rC+)
Your paws help you pounce on unaware monsters.
You are incapable of wielding weapons or throwing items.
You cannot wear armour.
You gain extra lives every three experience levels.


Message History

The ghost moth stares at you.
You feel your power leaking away. What are your orders? t - Meow!
Orders for allies: a - Attack new target. p - Attack previous target. r - Retreat! s - Stop attacking. g - Guard the area. f - Follow me.
Anything else - Cancel.
Okay, then.
Unknown command.
As you read the scroll of teleportation, it crumbles to dust.
You feel strangely unstable.
The ghost moth hits your four-headed hydra.
The ghost moth closely misses your four-headed hydra.
The ghost moth stings your four-headed hydra!
The ghost moth hits you!
You feel weakened. The ghost moth barely misses you.
The ghost moth closely misses you.
Your four-headed hydra bites the ghost moth.
Your four-headed hydra closely misses the ghost moth.
Your four-headed hydra bites the ghost moth.
Your four-headed hydra bites the ghost moth!
Your surroundings suddenly seem different.
A torpor snail comes into view.
As you read the scroll of teleportation, it crumbles to dust.
You feel strangely unstable.
Being near the torpor snail leaves you feeling lethargic.
The culicivora's many legs skitter faintly.
The wolf spider's many legs skitter.
The wolf spider hits you!!
* * * LOW HITPOINT WARNING * * *
The wolf spider misses you. The wolf spider closely misses you.
The wolf spider completely misses you. The wolf spider misses you.
The wolf spider completely misses you. The wolf spider hits you.
* * * LOW HITPOINT WARNING * * *
The wolf spider closely misses you. The wolf spider misses you.
The wolf spider bites you!
You die...
Your body crumbles into a pile of gold.

###### $
#..s@#
#...ss.#
#..w.s..#
##.......##
#.........#
#.........#
#........##
#.......##
#.......#


You could see a torpor snail, 2 wolf spiders, a culicivora and a redback.

Vanquished Creatures
  A black mamba (Lair:4)
  A hell hound (Orc:2)
  An ogre (Orc:2)
  An orc wizard (Orc:2)
  An orc (D:8)
  A ball python (D:1)
  2 endoplasms (D:1)
  A goblin (D:4)
  2 hobgoblins
  2 quokkas
  A rat (D:1)
14 creatures vanquished.

Vanquished Creatures (collateral kills)
  Saint Roka (Orc:2)
  Jorgrun (Orc:2)
  Azrael (Orc:2)
  An entropy weaver (Spider:1)
  2 boulder beetles
  2 ogre magi (Orc:2)
  The ghost of hawla the Thaumaturge, a journeyman MeIE of Vehumet (Orc:2)
  Erolcha (D:9)
  8 hydras
  9 two-headed ogres
  15 death yaks
  A deep troll (Orc:2)
  A steelbarb worm (Spider:1)
  2 goliath frogs (Lair:5)
  An orc knight (Bailey)
  An orc sorcerer (Orc:2)
  2 wolf spiders (Spider:1)
  An oklob plant (Lair:3)
  2 cyclopes (Orc:2)
  6 elephants (Lair:5)
  4 black mambas
  2 merfolk sirens (Lair:2)
  14 cane toads
  2 torpor snails
  A rime drake (Lair:2)
  A kobold demonologist (D:9)
  5 komodo dragons
  Psyche (D:9)
  2 merfolk (Lair:2)
  11 trolls
  A hornet (D:10)
  4 polar bears
  2 tyrant leeches (Lair:5)
  A tarantella (Spider:1)
  21 blink frogs
  Prince Ribbit (D:8)
  23 dream sheep
  2 jumping spiders (Spider:1)
  2 shadows
  6 wyverns
  32 yaks
  A culicivora (Spider:1)
  A basilisk (D:11)
  3 wraiths
  A vampire (D:11)
  5 fire elementals (Orc:2)
  A steam dragon (Lair:2)
  9 redbacks
  10 vampire mosquitoes
  3 wargs
  16 water moccasins
  2 hell hounds (Orc:2)
  A sky beast (D:9)
  An ice beast (D:7)
  17 orc warriors
  A black bear (Lair:1)
  4 centaurs
  26 ogres
  13 wolves
  2 kobold brigands
  A gnoll sergeant (Orc:1)
  23 bullfrogs
  3 necrophages
  A scorpion (D:6)
  8 wights
  13 killer bees
  2 howler monkeys
  3 nameless horrors
  2 electric eels
  2 jellies (D:5)
  16 orc priests
  3 hounds
  3 iguanas
  11 orc wizards
  4 hell rats (Lair:5)
  17 gnolls
  6 adders
  2 shadow imps (D:8)
  A white imp (D:6)
  A worm (D:2)
  60 orcs
  10 ball pythons
  6 bats
  An endoplasm (D:1)
  A giant cockroach (D:3)
  14 goblins
  7 hobgoblins
  14 kobolds
  5 quokkas
  A frilled lizard (D:1)
  6 rats
  2 butterflies (Lair:2)
  A snaplasher vine (Lair:5)
564 creatures vanquished.

Vanquished Creatures (others)
  A hydra (Lair:5)
  3 death yaks
  2 orc high priests
  A deep troll (Orc:2)
  A moth of wrath (Spider:1)
  3 black mambas
  2 elephants (Lair:5)
  5 cane toads
  A komodo dragon (Lair:5)
  3 trolls
  A tyrant leech (Lair:5)
  2 blink frogs (Lair:5)
  2 wyverns
  15 yaks
  A dancing weapon (D:12)
  3 vampire mosquitoes (D:12)
  A water moccasin (D:6)
  A black bear (D:11)
  11 orc warriors
  2 ogres (D:5)
  2 wolves
  A gnoll sergeant (D:9)
  A scorpion (D:3)
  4 wights
  4 killer bees (D:10)
  2 gnoll boudas
  2 iguanas
  2 orc wizards
  9 gnolls
  5 orcs
  2 goblins (Bailey)
  2 hobgoblins (Bailey)
  47 fungi
  131 plants
  13 snaplasher vines
  3 toadstools (D:1)
291 creatures vanquished.

Grand Total: 869 creatures vanquished

Notes
Turn   | Place    | Note
-------+----------+-------------------------------------------
     0 | D:1      | FexLirch the Felid Summoner began the quest for the Orb.
     0 | D:1      | Reached XP level 1. HP: 7/7 MP: 4/4
   139 | D:1      | Reached XP level 2. HP: 8/11 MP: 3/6
   304 | D:1      | Learned a level 2 spell: Call Imp
   640 | D:1      | Found a faded altar of an unknown god.
   820 | D:1      | Found Cekhun's General Store.
   828 | D:1      | Bought a scroll of identify for 22 gold pieces
   949 | D:1      | Reached XP level 3. HP: 7/14 MP: 8/8
  1327 | D:1      | Learned a level 3 spell: Call Canine Familiar
  1723 | D:2      | Reached XP level 4. HP: 18/18 MP: 9/9
  1735 | D:2      | Learned a level 3 spell: Summon Guardian Golem
  1852 | D:2      | Found a sacrificial altar of Ru.
  2021 | D:3      | Found a shadowy altar of Dithmenos.
  2072 | D:3      | Reached skill level 1 in Hexes
  2072 | D:3      | Reached skill level 5 in Summonings
  2250 | D:3      | Reached XP level 5. HP: 21/21 MP: 10/11
  2533 | D:3      | Killed from afar by an orc priest
  2534 | D:3      | Reached XP level 4. HP: 0/18 MP: 12/19
  2648 | D:3      | Noticed a scorpion
  2683 | D:3      | Killed a scorpion
  2684 | D:3      | Reached skill level 3 in Dodging
  2684 | D:3      | Reached XP level 5. HP: 21/21 MP: 11/11
  3044 | D:3      | Reached skill level 1 in Fighting
  3237 | D:4      | Found a hazy altar of Hepliaklqana.
  3382 | D:4      | Gained mutation: You are covered in thick fur. (AC +2)
                  | [Felid growth]
  3382 | D:4      | Reached XP level 6. HP: 25/25 MP: 13/13
  3575 | D:4      | Found a staircase to the Ecumenical Temple.
  3586 | Temple   | Entered the Ecumenical Temple
  3593 | Temple   | Became a worshipper of Gozag Ym Sagoz the Greedy
  3755 | D:4      | Learned a level 4 spell: Summon Lightning Spire
  3771 | D:4      | Found an iron altar of Okawaru.
  4177 | D:4      | Found a blossoming altar of Fedhas.
  4178 | D:4      | Found a snail-covered altar of Cheibriados.
  4305 | D:5      | Entered Level 5 of the Dungeon
  4385 | D:5      | Reached skill level 4 in Dodging
  4417 | D:5      | Reached XP level 7. HP: 28/30 MP: 6/14
  4437 | D:5      | Reached skill level 1 in Air Magic
  4665 | D:5      | Identified the +7 war axe "Xompapn" {vorpal, rElec rC+
                  | Str+3 Dex+3}
  5252 | D:5      | Noticed Sigmund
  5303 | D:5      | Reached skill level 5 in Hexes
  5793 | D:6      | Reached skill level 5 in Dodging
  6001 | D:6      | Reached XP level 8. HP: 34/34 MP: 16/16
  6185 | D:6      | Found an ornate altar of the Wu Jian Council.
  6223 | D:6      | Reached skill level 5 in Spellcasting
  6487 | D:6      | Found a shimmering blue altar of Sif Muna.
  6667 | D:7      | Reached skill level 6 in Dodging
  6850 | D:7      | Found Offol's Antique Weapon Shop.
  7455 | D:7      | Found a radiant altar of Vehumet.
  7488 | D:7      | Reached XP level 9. HP: 39/39 MP: 18/18
  7839 | D:8      | Found a shimmering altar of Xom.
  8042 | D:8      | Noticed Prince Ribbit
  8068 | D:8      | Reached skill level 7 in Dodging
  8068 | D:8      | Killed Prince Ribbit
  8176 | D:8      | Reached skill level 5 in Fighting
  8708 | D:8      | Reached skill level 8 in Dodging
  8827 | D:9      | Noticed a troll
  8831 | D:9      | Noticed Maurice
  8834 | D:9      | Killed a troll
  8836 | D:9      | Noticed Maurice
  8836 | D:9      | Maurice changed into Maurice the sky beast
  8901 | D:9      | Noticed Psyche
  8978 | D:9      | Killed Maurice the sky beast
  9027 | D:9      | Reached XP level 10. HP: 45/45 MP: 19/20
  9097 | D:9      | Reached skill level 5 in Air Magic
  9153 | D:9      | Killed Psyche
  9360 | D:9      | Noticed Erolcha
  9379 | D:9      | Killed Erolcha
  9754 | D:9      | Reached skill level 9 in Dodging
  9950 | D:9      | Learned a level 3 spell: Tukima's Dance
  9953 | D:9      | Learned a level 2 spell: Blink
 10053 | D:9      | Noticed a centaur warrior
 10054 | D:9      | Noticed a skeletal warrior
 10058 | D:9      | Noticed a tengu warrior
 10059 | D:9      | Noticed a cyclops
 10634 | D:10     | Entered Level 10 of the Dungeon
 10874 | D:10     | Found a glowing golden altar of the Shining One.
 10929 | D:10     | Found a flagged portal.
 11023 | Bailey   | Entered a bailey
 11076 | Bailey   | Reached XP level 11. HP: 50/50 MP: 11/23
 11252 | Bailey   | Noticed an orc knight
 11268 | Bailey   | Killed an orc knight
 11401 | Bailey   | Reached skill level 10 in Dodging
 11416 | Bailey   | Noticed an orc high priest
 11470 | Bailey   | Killed an orc high priest
 12744 | D:11     | You fall into a shaft and drop 2 floors!
 12778 | D:12     | Noticed Rupert
 12786 | D:12     | Noticed a six-headed hydra
 12789 | D:12     | Found Vereq's Firing Range.
 12796 | D:12     | Killed a six-headed hydra
 13097 | D:12     | Noticed a two-headed ogre
 13118 | D:12     | Killed a two-headed ogre
 13119 | D:12     | Reached skill level 11 in Dodging
 13262 | D:12     | Reached skill level 10 in Summonings
 13633 | D:11     | Gained mutation: Your thick and shaggy fur keeps you warm.
                  | (AC +3, rC+) [Felid growth]
 13633 | D:11     | Reached XP level 12. HP: 56/56 MP: 17/25
 13872 | D:11     | Found a staircase to the Lair.
 13879 | D:11     | Identified the +6 quarterstaff "Ome Jitytz" {holy, rPois
                  | rC+ Str-2 Stlth+}
 14430 | D:11     | Noticed a boulder beetle
 14467 | D:11     | Killed a boulder beetle
 14626 | D:11     | Found a staircase to the Orcish Mines.
 14838 | D:11     | Bought a scroll of blinking for 97 gold pieces
 14840 | Lair:1   | Entered Level 1 of the Lair of Beasts
 14961 | Lair:1   | Reached skill level 12 in Dodging
 15874 | Lair:1   | Learned a level 5 spell: Summon Forest
 16149 | Lair:2   | Noticed a death yak
 16150 | Lair:2   | Noticed a death yak
 16230 | Lair:2   | Noticed a four-headed hydra
 16238 | Lair:2   | Killed a four-headed hydra
 16373 | Lair:2   | Reached skill level 13 in Dodging
 16419 | Lair:2   | Reached skill level 10 in Fighting
 16419 | Lair:2   | Reached skill level 10 in Spellcasting
 16632 | Lair:2   | Found a gate leading to a gauntlet.
 16676 | Lair:2   | Reached skill level 1 in Translocations
 16678 | Lair:2   | Found a staircase to the Shoals.
 16958 | Lair:2   | Noticed a death yak
 16960 | Lair:2   | Noticed a death yak
 16961 | Lair:2   | Noticed a death yak
 16965 | Lair:2   | Noticed a death yak
 16967 | Lair:2   | Noticed a death yak
 16969 | Lair:2   | Killed a death yak
 16970 | Lair:2   | Noticed a death yak
 16988 | Lair:2   | Killed a death yak
 16991 | Lair:2   | Killed a death yak
 16999 | Lair:2   | Killed a death yak
 17000 | Lair:2   | Reached XP level 13. HP: 61/61 MP: 13/28
 17530 | Lair:3   | Found a hole to the Spider Nest.
 17656 | Lair:3   | Reached skill level 5 in Translocations
 17666 | Lair:3   | Reached skill level 14 in Dodging
 19211 | Lair:3   | Bought an Inescapable Atlas for 544 gold pieces
 19393 | Lair:4   | Reached skill level 1 in Transmutations
 19896 | Lair:4   | Found a staircase to the Slime Pits.
 20619 | Lair:5   | Entered Level 5 of the Lair of Beasts
 20765 | Lair:5   | Reached XP level 14. HP: 48/67 MP: 25/30
 21724 | Lair:5   | Reached skill level 15 in Dodging
 21724 | Lair:5   | Reached skill level 5 in Transmutations
 22690 | Lair:5   | Learned a level 3 spell: Swiftness
 23056 | Lair:5   | Identified the +5 ring mail of Limited Liability {Will+}
 23225 | Orc:1    | Entered Level 1 of the Orcish Mines
 24105 | Orc:1    | You fall into a shaft and drop 1 floor!
 24105 | Orc:2    | Entered Level 2 of the Orcish Mines
 24105 | Orc:2    | Found Ujam's Distillery.
 24128 | Orc:2    | Noticed Azrael
 24139 | Orc:2    | Noticed Saint Roka
 24141 | Orc:2    | Killed Azrael
 24143 | Orc:2    | Reached XP level 15. HP: 55/72 MP: 7/31
 24152 | Orc:2    | Killed Saint Roka
 24204 | Orc:2    | Found Degaogra's Assorted Antiques.
 24204 | Orc:2    | Found Yquepn's General Store.
 24204 | Orc:2    | Found Oliotteav's Distillery.
 24208 | Orc:2    | Found a staircase to the Elven Halls.
 24462 | Orc:2    | Learned a level 7 spell: Summon Hydra
 24939 | Orc:2    | Noticed Jorgrun
 24943 | Orc:2    | Killed Jorgrun
 25209 | Orc:2    | Bought a potion of flight for 42 gold pieces
 25604 | Orc:2    | Found a large runed translucent door.
 25604 | Orc:2    | Found a large runed translucent door.
 25605 | Orc:2    | Noticed hawla's ghost (journeyman MeIE)
 25677 | Orc:2    | Killed hawla's ghost
 25825 | Orc:2    | Bought a potion of haste for 140 gold pieces
 25825 | Orc:2    | Bought a potion of haste for 140 gold pieces
 25825 | Orc:2    | Bought a potion of curing for 42 gold pieces
 25825 | Orc:2    | Bought a potion of curing for 42 gold pieces
 25825 | Orc:2    | Bought a potion of magic for 112 gold pieces
 25825 | Orc:2    | Bought a potion of curing for 42 gold pieces
 25830 | Orc:2    | Bought a potion of heal wounds for 65 gold pieces
 25830 | Orc:2    | Bought a potion of curing for 39 gold pieces
 25830 | Orc:2    | Bought a potion of curing for 39 gold pieces
 25841 | Orc:2    | Bought a potion of might for 48 gold pieces
 25841 | Orc:2    | Bought a potion of heal wounds for 60 gold pieces
 25843 | Orc:2    | Bought a ring of willpower for 450 gold pieces
 25843 | Orc:2    | Bought the amulet "Fyzu" {RegenMP Rampage rElec Int-4
                  | Dex+2} for 716 gold pieces
 25843 | Orc:2    | Bought the ring "Ritiaq" {Wiz rC+++ rN+++ Str-4 Dex-5} for
                  | 1333 gold pieces
 25856 | Orc:2    | Learned a level 7 spell: Storm Form
 26004 | Spider:1 | Entered Level 1 of the Spider Nest
 26024 | Spider:1 | Slain by a wolf spider
 26025 | Spider:1 | Reached XP level 14. HP: 0/69 MP: 11/30
 26145 | Spider:1 | Noticed a ghost moth
 26184 | Spider:1 | Mangled by a ghost moth
 26185 | Spider:1 | Reached XP level 13. HP: -12/64 MP: 0/29
 26262 | Spider:1 | Killed an entropy weaver
 26263 | Spider:1 | Reached skill level 10 in Translocations
 26285 | Spider:1 | Slain by a wolf spider

Illustrated notes

Levels and vault maps discovered:
D:1:      ncdulo_wetmaze, layout_rooms, nicolae_ecumenical_snake_handling,
          serial_shops, nicolae_shop_advertising_works
          [nicolae_subvault_shop_adworks], minmay_gold_behind_fungi
D:2:      layout_loops_ring, basic_altar, minmay_cut_off
D:3:      layout_loops_ring, old_standard_altar
D:4:      layout_cave_pools, mainiacjoe_overflow_24_doors, minitemple,
          minmay_temple_entry_trees, kennysheep_boxes
D:5:      layout_loops_ring, uniq_sigmund
D:6:      layout_rooms, lemuel_tele_altar, nzn_wu_jian_contemplation
D:7:      layout_basic, mainiacjoe_overflow_boulevard, serial_shops,
          nicolae_shop_stone, hex_tiny
D:8:      layout_basic, xom_teletrap_fun, grunt_ministairs_2,
          hangedman_decor_riveting, moated_statue, minmay_misc_feat_diagonals,
          uniq_prince_ribbit1
D:9:      minmay_polygon_palace, layout_basic, onia_ninara_dug_in_and_dangerous,
          uniq_maurice, uniq_psyche, uniq_erolcha
D:10:     layout_loops_ring, tso_metal_star, enter_bailey_7
D:11:     layout_stronghold, minmay_lair_entry_grove, orc_0_dummy
D:12:     layout_loops_corners, st_stairs_10, nicolae_shop_firing_range,
          uniq_rupert
D:13:     layout_irregular_city, hangedman_decor_slide_cut, minivault_7,
          uniq_lodul
Temple:   nicolae_temple_x_marks_the_god
Lair:1:   layout_cave_pods
Lair:2:   layout_small_grid, elwin_shoals_entry_stream, gauntlet_entry_generic,
          nicolae_quartered_pool_super, lemuel_fruit_fields, grunt_megastairs_4,
          serial_bayou_shore_b
Lair:3:   layout_cave_pods, spider_nest_entry_webs
Lair:4:   layout_roguey, slime_entry_1, serial_bayou_pond_a, st_stairs_9
Lair:5:   minmay_lair_end_frog_pond, layout_hall_layers
Spider:1: layout_cave_pods, drop_trap, hellmonk_deceptive_appearances,
          hangedman_spider_tarantella_strand, uniq_frances
Orc:1:    layout_diamond_mine
Orc:2:    st_orc_open, layout_diamond_mine, basic_altar,
          ebering_ghost_disaster_area, uniq_saint_roka, uniq_azrael,
          uniq_jorgrun

Skill      XL: |  1  2  3  4  5  6  7  8  9 10 11 12 13 14 15 |
---------------+----------------------------------------------+-----
Spellcasting   | 3 4 5 6 7 8 10 11 | 11.9
Hexes          | 3 4 5 6 7 |  7.0
Summonings     | 5 6 7 8 9 10 11 12 | 12.1
Dodging        | 3 4 5 6 8 9 11 13 14 15 | 15.8
Fighting       | 1 2 3 4 5 7 8 10 11 12 | 12.1
Air Magic      | 2 3 4 6 7 9 |  9.8
Translocations | 3 10 9 | 10.0
Transmutations | 3 8 7 |  8.1
Stealth        | |  2.6

Action                   |  1- 3 |  4- 6 |  7- 9 | 10-12 | 13-15 || total
-------------------------+-------+-------+-------+-------+-------++-------
Melee: Unarmed           |    38 |    13 |    10 |    39 |    47 ||   147
       Bite              |     1 |       |       |     1 |    12 ||    14
       Punch             |       |       |       |     1 |     1 ||     2
 Cast: Summon Small Mamm |    22 |     5 |    17 |     6 |       ||    50
       Call Imp          |    13 |    20 |    16 |     8 |       ||    57
       Call Canine Famil |     5 |    26 |    33 |    65 |    68 ||   197
       Summon Guardian G |       |    29 |    41 |    86 |    92 ||   248
       Summon Lightning  |       |       |    15 |    78 |    78 ||   171
       Tukima's Dance    |       |       |       |     4 |       ||     4
       Blink             |       |       |       |     2 |    11 ||    13
       Summon Forest     |       |       |       |     6 |    43 ||    49
       Summon Hydra      |       |       |       |       |    12 ||    12
Invok: Call Merchant     |       |       |       |     1 |     2 ||     3
Evoke: Wand              |       |       |     2 |       |     7 ||     9
  Use: Scroll            |     1 |     4 |     7 |    10 |    14 ||    36
       Potion            |       |       |       |     1 |     3 ||     4
 Stab: Sleeping          |       |     2 |       |       |       ||     2
       Betrayed ally     |       |       |       |     2 |       ||     2
       Distracted        |       |       |       |     2 |     2 ||     4
Armor: Skin              |     6 |       |       |     3 |     4 ||    13
Dodge: Dodged            |    52 |    28 |    20 |    83 |   166 ||   349
